 Dungeon Crawl Stone Soup version 0.20-a0-1040-gfd09691 (webtiles) character file.

147 Jarno the Shield-Bearer (level 5, -8/41 HPs)
             Began as a Formicid Fighter on Apr 23, 2017.
             Mangled by Crazy Yiuf
             ... wielding a +4 quarterstaff of chaos
              (10 damage)
             ... on level 3 of the Dungeon.
             The game lasted 00:04:00 (2789 turns).

Jarno the Shield-Bearer (Formicid Fighter)          Turns: 2789, Time: 00:04:01

Health: -8/41      AC:  7    Str: 20    XL:     5   Next: 54%
Magic:  5/5        EV:  8    Int:  8    God:
Gold:   213        SH:  9    Dex: 11    Spells: 1/4 levels left

rFire    . . .     SeeInvis +   l - +0 halberd
rCold    . . .     Gourm    .   c - +0 shield
rNeg     . . .     Faith    .   b - +0 scale mail
rPois    .         Spirit   .   (helmet unavailable)
rElec    .         Reflect  .   (no cloak)
rCorr    .         Harm     .   (no gloves)
MR       .....                  (no boots)
Stlth    ..........             (no amulet)
Regen    0.2/turn               (no ring)
MPRegen  0.1/turn               (no ring)

@: no status effects
A: permanent stasis, dig shafts and tunnels, four strong arms, antennae 3
a: Dig, Shaft Self


You were on level 3 of the Dungeon.
You were not hungry.

You visited 1 branch of the dungeon, and saw 3 of its levels.

You collected 213 gold pieces.

Inventory:

Hand Weapons
 a - a +0 war axe
 l - a +0 halberd (weapon)
Armour
 b - a +0 scale mail (worn)
 c - a +0 shield (worn)
Scrolls
 e - 3 scrolls of teleportation {unknown}
 g - a scroll of identify {unknown}
 h - a scroll of enchant weapon {unknown}
 i - a scroll of blinking {unknown}
 j - a scroll of fog {unknown}
Potions
 d - a potion of might
 m - a potion of lignification {unknown}
 n - 2 potions of curing {unknown}
Books
 k - a book of Minor Magic

   Spells                             Type                      Level
   a - Magic Dart                     Conjuration                  1
   b - Blink                          Translocation                2
   c - Call Imp                       Summoning                    2
   d - Slow                           Hexes                        2
   e - Conjure Flame                  Conjuration/Fire             3
   f - Mephitic Cloud                 Conjuration/Poison/Air       3
Comestibles
 f - 2 bread rations
 o - 3 fruits


   Skills:
 + Level 3.4 Fighting
 - Level 3.4(3.5) Axes
 * Level 1.0(2.3) Polearms
 + Level 4.3 Armour
 + Level 0.6 Dodging
 + Level 4.5 Shields


You had one spell level left.
You knew the following spells:

 Your Spells              Type           Power        Failure   Level  Hunger
a - Conjure Flame         Conj/Fire      #.......     100%        3    ####...


Dungeon Overview and Level Annotations

Branches:
Dungeon (3/15)

Altars:
Qazlal

Annotations:
D:3 Crazy Yiuf


Innate Abilities, Weirdness & Mutations

You cannot be hasted, slowed, berserked, paralysed or teleported.
You can dig through walls and to a lower floor.
Your four strong arms can wield two-handed weapons with a shield.
You have a pair of large antennae on your head. (SInv)


Message History

You barely miss Crazy Yiuf.
Crazy Yiuf is moderately wounded.
Crazy Yiuf laughs, "Fluff pizzabubble sow!"
Crazy Yiuf hits you with a quarterstaff of chaos!
Crazy Yiuf burns you.
* * * LOW HITPOINT WARNING * * *
You hit Crazy Yiuf.
Crazy Yiuf is heavily wounded.
Crazy Yiuf flaps his cloak.
Crazy Yiuf hits you but does no damage.
You hit Crazy Yiuf.
Crazy Yiuf is severely wounded.
Crazy Yiuf hits you but does no damage.
Crazy Yiuf hits you with a quarterstaff of chaos!
* * * LOW HITPOINT WARNING * * *
Your stasis prevents you from being slowed.
You barely miss Crazy Yiuf.
Crazy Yiuf is severely wounded.
Crazy Yiuf hits you with a quarterstaff of chaos!
You die...

.# ##'######.##.# #.#
.# ##...## #.##.###.#
####.....# #.##.....#
##.....## ##########
##......#
.+.)....##♣♣♣♣♣
##.......+.)♣)♣♣♣ ###
##.........)♣))♣#)))#
##..>...♣.♣♣♣♣@g)).#
##....+.♣♣ ♣♣#)))#
##+###♣♣ ###


You could see Crazy Yiuf.

Vanquished Creatures
  The ghost of Jarno the Chopper, a weakling DsWn (D:3)
  3 gnolls (D:2)
  3 adders (D:2)
  An ooze (D:1)
  A worm (D:2)
  A dart slug (D:1)
  5 goblins
  4 hobgoblins
  A quokka (D:3)
  5 bats
  6 frilled lizards
  9 kobolds
  8 rats
  A fungus (D:3)
49 creatures vanquished.

Notes
Turn   | Place    | Note
-------+----------+-------------------------------------------
     0 | D:1      | Jarno the Formicid Fighter began the quest for the Orb.
     0 | D:1      | Reached XP level 1. HP: 18/18 MP: 1/1
   100 | D:1      | Reached XP level 2. HP: 24/24 MP: 2/2
   851 | D:1      | Reached XP level 3. HP: 29/29 MP: 3/3
  1202 | D:2      | Reached XP level 4. HP: 21/35 MP: 4/4
  1885 | D:2      | Found a stormy altar of Qazlal.
  1887 | D:2      | Noticed an earth elemental
  1888 | D:2      | Noticed a water elemental
  1888 | D:2      | Noticed a fire elemental
  1888 | D:2      | Noticed an air elemental
  2048 | D:2      | Reached XP level 5. HP: 5/41 MP: 5/5
  2284 | D:2      | Learned a level 3 spell: Conjure Flame
  2359 | D:3      | Noticed Jarno's ghost (weakling DsWn)
  2368 | D:3      | Killed Jarno's ghost
  2508 | D:3      | Reached skill level 1 in Polearms
  2777 | D:3      | Found a runed door.
  2781 | D:3      | Noticed Crazy Yiuf
  2788 | D:3      | HP: 2/41 [Crazy Yiuf/quarterstaff of chaos (9)]
  2789 | D:3      | Mangled by Crazy Yiuf

Vault maps used:
D:1:      dpeg_arrival_round_a, minmay_tetromino_t2
D:2:      nicolae_qazlal_style_of_elements
D:3:      lemuel_coloured_pillars_altar, minmay_gold_behind_fungi,
          uniq_crazy_yiuf_cottage

Skill      XL: |  1  2  3  4  5 |
---------------+----------------+-----
Shields        | 4 |  4.5
Axes           | 3 |  3.4
Armour         | 4 |  4.3
Polearms       | 1 |  1.0
Fighting       | |  3.4
Dodging        | |  0.6

Action                   |  1- 3 |  4- 6 || total
-------------------------+-------+-------++-------
Melee: War axe           |    85 |    21 ||   106
       Halberd           |       |    76 ||    76
  Eat: Chunk             |     1 |     2 ||     3
       Meat ration       |       |     1 ||     1
Armor: Scale mail        |    42 |    24 ||    66
Dodge: Dodged            |    27 |    30 ||    57
Block: Shield            |    49 |    49 ||    98
